 Seeded DCSS version 0.30.1-11-g7821555f0a (webtiles) character file.

Game seed: 12756009894327649987 (custom seed)

1 Psyclone the Conjurer (level 1, 13/13 HPs)
             Began as a Gnoll Conjurer on Nov 6, 2023.
             Was a Follower of Vehumet.
             Quit the game on level 1 of the Dungeon.
             The game lasted 00:00:23 (71 turns).

Psyclone the Conjurer (Gnoll Conjurer)                Turns: 71, Time: 00:00:23

Health: 13/13      AC:  2    Str:  6    XL:     1   Next: 20%
Magic:  6/6        EV: 13    Int: 17    God:    Vehumet [*.....]
Gold:   31         SH:  0    Dex: 10    Spells: 8/9 levels left

rFire   . . .        (no weapon)
rCold   . . .        (no shield)
rNeg    . . .        a - +0 robe
rPois   .            (no helmet)
rElec   .            (no cloak)
rCorr   .            (no gloves)
SInv    .            (no boots)
Will    .....        (no amulet)
Stlth   ++           (no ring)
HPRegen 0.22/turn    (no ring)
MPRegen 0.10/turn

%: no passive effects
@: no status effects
A: fangs 1, strong nose, distributed training
a: Renounce Religion


You were on level 1 of the Dungeon.
You worshipped Vehumet.
Vehumet was aware of your devotion.
You visited 1 branch of the dungeon, and saw 1 of its levels.

You collected 31 gold pieces.

Inventory:

Armour
 a - a +0 robe (worn)
Potions
 b - a potion of magic


   Skills:
 + Level 0.0 Fighting
 + Level 0.0 Short Blades
 + Level 0.0 Long Blades
 + Level 0.0 Axes
 + Level 0.0 Maces & Flails
 + Level 0.0 Polearms
 + Level 0.0 Staves
 + Level 0.0 Ranged Weapons
 + Level 0.0 Throwing
 + Level 0.0 Armour
 + Level 4.4 Dodging
 + Level 4.0 Stealth
 + Level 0.0 Shields
 + Level 0.0 Unarmed Combat
 + Level 4.8 Spellcasting
 + Level 7.0 Conjurations
 + Level 0.0 Hexes
 + Level 0.0 Summonings
 + Level 0.0 Necromancy
 + Level 0.0 Translocations
 + Level 0.0 Transmutations
 + Level 0.0 Fire Magic
 + Level 0.0 Ice Magic
 + Level 0.0 Air Magic
 + Level 0.0 Earth Magic
 + Level 0.0 Poison Magic
 + Level 0.0 Invocations
 + Level 0.0 Evocations


You had 8 spell levels left.
You knew the following spells:

 Your Spells              Type           Power      Damage    Failure   Level
a - Magic Dart            Conj           100%       1d8       1%          1

Your spell library contained the following spells:

 Spells                   Type           Power      Damage    Failure   Level
 Kiss of Death            Conj/Necr      64%        2d10      3%          1
 Searing Ray              Conj           56%        2d6       1%          2
 Dazzling Flash           Conj/Hex       32%        N/A       11%         3
 Fulminant Prism          Conj/Hex       8%         3d7       34%         4
 Iskenderun's Mystic Bla  Conj/Tloc      16%        2d5       34%         4


Dungeon Overview and Level Annotations

Branches:
Dungeon (1/15) Zot: 5929

Altars:
Vehumet


Innate Abilities, Weirdness & Mutations

You have very sharp teeth.
Your uncanny sense of smell can sniff out nearby items.
Your experience applies equally to all skills.


Message History

You now have 5 gold pieces.
There is an open door here.
There is a stone staircase leading down here.
There is a staircase leading out of the dungeon here.
You open the door.
Found 12 gold pieces and a club.
There is an open door here.
Found 6 gold pieces and a scroll labelled KUMNAEKEYL.
You now have 17 gold pieces (gained 12).
You now have 23 gold pieces (gained 6).
Found 8 gold pieces.
You now have 31 gold pieces (gained 8).
A bat comes into view.
The bat barely misses you. The bat hits you but does no damage.
Found a faded altar of an unknown god.
Casting: Magic Dart (safe; 1% risk of failure)
Confirm with . or Enter, or press ? or * to list all spells.
Aiming: Magic Dart (safe; 1% risk of failure)
Press: ? - help, Shift-Dir - straight line, f - bat
Aim: a bat (100% to hit)
The magic dart hits the bat.
You kill the bat!
Found a stone staircase leading down.
Found an emerald potion.
There is a faded altar of an unknown god here.
You now have 5/6 mp.
This altar belongs to (a) Vehumet, (b) Dithmenos or (c) Cheibriados, but you can't tell which.
Press the corresponding letter to learn more about a god, or press enter to convert or escape to cancel.
Okay, then.
MP restored: 6 This altar belongs to (a) Vehumet, (b) Dithmenos or (c) Cheibriados, but you can't tell which.
Press the corresponding letter to learn more about a god, or press enter to convert or escape to cancel.
Vehumet accepts your prayer! Vehumet welcomes you!
You can now gain magical power from killing.
Vehumet offers you knowledge of Kiss of Death.
Unknown command.
Press < or > to pray at altars.
Unknown command.
Press < or > to pray at altars.
Are you sure you want to abandon this character and quit the game? (Confirm with "yes".)

##........ ...!
#..###### .... #.....#
...# #.###.# #..#####
#.# ..# ......# #.# .#
#. ##.##.###.##.######
##...#...#...#..........
.......@...#.###..#####
####.#...#..............
∆##.##.#.###.#######
......#.# #.# #.##..##.#
..# #. #.. #.# .## # ###
#.# . #.##. .>.


There were no monsters in sight!

Vanquished Creatures
  A bat (D:1)
1 creature vanquished.

Notes
Turn   | Place    | Note
-------+----------+-------------------------------------------
     0 | D:1      | Psyclone the Gnoll Conjurer began the quest for the Orb.
     0 | D:1      | Reached XP level 1. HP: 13/13 MP: 6/6
    51 | D:1      | Found a faded altar of an unknown god.
    70 | D:1      | Prayed at the altar of an unknown god.
    70 | D:1      | Became a worshipper of Vehumet
    70 | D:1      | Reached * piety under Vehumet
    70 | D:1      | Offered knowledge of Kiss of Death by Vehumet.
    71 | D:1      | Quit the game

Illustrated notes

Levels and vault maps discovered:
D:1:      dpeg_arrival_pits, layout_basic, ebering_ecumenical_altar_box

Action                     || total
---------------------------++-------
   Cast: Magic Dart        ||     1
 Armour: Robe              ||     1
  Dodge: Dodged            ||     1
